 Dungeon Crawl Stone Soup version 0.27-a0-263-gc8dee61f84 (webtiles) character file.

Game seed: 14590942666316675565

15509 knot the Cleaver (level 12, 78/81 HPs)
             Began as a Demonspawn Berserker on Feb 5, 2021.
             Was an Elder of Trog.
             Quit the game on level 1 of the Lair of Beasts.
             The game lasted 00:28:17 (13949 turns).

knot the Cleaver (Demonspawn Berserker)            Turns: 13949, Time: 00:28:18

Health: 78/81      AC: 21    Str: 18    XL:     12   Next: 1%
Magic:  12/12      EV: 11    Int: 12    God:    Trog [****..]
Gold:   943        SH:  0    Dex: 14    Spells: 11/11 levels left

rFire    . . .     SeeInvis .   b - +3 war axe
rCold    . . .     Faith    .   (no shield)
rNeg     + . .     Spirit   +   d - +0 shadow dragon scales
rPois    .         Reflect  .   n - +1 helmet
rElec    +         Harm     .   Y - scarf {shadows}
rCorr    .         Rampage  .   (no gloves)
Will     .....                  B - +2 pair of boots
Stlth    ++........             F - amulet of Biamaum {RegenMP +Blink +Inv rElec rN+}
HPRegen  1.23/turn              h - +4 ring of evasion
MPRegen  0.51/turn              m - +4 ring of protection

@: no status effects
A: claws 2, thin metallic scales 1, powered by death 2, magic shield, magic
regeneration
a: Renounce Religion, Evoke Blink, Evoke Invisibility, Berserk, Trog's Hand,
Brothers in Arms


You were on level 1 of the Lair of Beasts.
You worshipped Trog.
Trog was greatly pleased with you.
You visited 3 branches of the dungeon, and saw 12 of its levels.

You collected 1012 gold pieces.
You spent 69 gold pieces at shops.

Inventory:

Hand Weapons
 a - a +1 scimitar of flaming
 b - a +3 war axe (weapon)
Missiles
 s - 3 atropa-tipped darts
 t - 18 poisoned darts
 y - 2 boomerangs (quivered)
Armour
 c - the +5 leather armour "Iwnaemm" {rF+ Int+3 Dex-2}
   (You found it on level 4 of the Dungeon)

   It affects your intelligence (+3).
   It affects your dexterity (-2).
   It protects you from fire.
 d - +0 shadow dragon scales (worn)
 i - a +0 cloak
 n - a +1 helmet (worn)
 q - a +3 leather armour of poison resistance
 B - a +2 pair of boots (worn)
 N - the +3 leather armour of Doasilas {+Blink rPois MP+9 Str+2, unknown}
   (You found it on level 10 of the Dungeon)

   It affects your strength (+2).
   It protects you from poison.
   It affects your magic capacity (+9).
   It lets you blink.
 Y - a scarf of shadows (worn)
Jewellery
 e - an uncursed ring of ice
 h - a +4 ring of evasion (left claw)
 m - a +4 ring of protection (right claw)
 o - an uncursed amulet of regeneration
 F - the amulet of Biamaum (around neck) {RegenMP +Blink +Inv rElec rN+}
   (You found it on level 4 of the Dungeon)

   [amulet of magic regeneration]

   It increases your magic regeneration.
   It insulates you from electricity.
   It protects you from negative energy.
   It lets you turn invisible.
   It lets you blink.
 G - an uncursed ring of ice
 H - an uncursed ring of ice
 O - an uncursed amulet of reflection
 R - an uncursed ring of resist corrosion
 T - an uncursed ring of flight
Wands
 p - a wand of random effects (68)
 x - a wand of digging (7)
 K - a wand of paralysis (8)
Scrolls
 f - 2 scrolls of fog
 g - 5 scrolls of teleportation
 k - 10 scrolls of remove curse
 l - 3 scrolls of immolation
 D - a scroll of random uselessness
 I - a scroll of enchant weapon
 J - a scroll of fear
 P - 4 scrolls of amnesia
 S - a scroll of magic mapping {unknown}
 X - a scroll of blinking {unknown}
Potions
 j - 2 potions of ambrosia {unknown}
 r - 4 potions of degeneration {unknown}
 u - 3 potions of flight {unknown}
 v - 4 potions of heal wounds {unknown}
 w - 2 potions of lignification
 z - 3 potions of curing
 C - 2 potions of magic {unknown}
 E - 2 potions of berserk rage {unknown}
 L - a potion of haste
 M - 3 potions of attraction {unknown}
 Q - a potion of mutation {unknown}
 U - a potion of resistance {unknown}
 V - a potion of might {unknown}


   Skills:
 - Level 3.0 Fighting
 * Level 13.3 Axes
 * Level 11.8 Throwing
 - Level 1.7 Armour
 - Level 1.7 Dodging


You had 11 spell levels left.
You didn't know any spells.
Your spell library was empty.

Dungeon Overview and Level Annotations

Branches:
Dungeon (10/15)            Temple (1/1) D:5            Lair (1/6) D:10
    Orc: D:9-12

Altars:
Ashenzari
Cheibriados
Dithmenos
Elyvilon
Fedhas
Gozag
Hepliaklqana
Kikubaaqudgha
Makhleb
Nemelex Xobeh
Okawaru
Qazlal
Ru
Sif Muna
Trog
Uskayaw
Vehumet
Wu Jian
Xom
Yredelemnul
Zin
The Shining One

Shops:
D:6 *   D:7 *


Innate Abilities, Weirdness & Mutations

You have very sharp fingernails.
You are partially covered in thin metallic scales. (AC +2)
You regenerate health from kills.
When hurt, damage is shared between your health and your magic reserves.
You regenerate magic rapidly.


Message History

The boomerang barely misses the five-headed hydra.
Throw: 2 boomerangs
Press: ? - help, Q - select action, (/) - cycle Shift-Dir - straight line, f/p - five-headed hydra
Aim: a five-headed hydra (almost dead, 81% to hit)
You throw a boomerang.
The boomerang hits the five-headed hydra but does no damage.
The five-headed hydra is almost dead.
Throw: 2 boomerangs
Press: ? - help, Q - select action, (/) - cycle Shift-Dir - straight line, f/p - five-headed hydra
Aim: a five-headed hydra (almost dead, 81% to hit)
You throw a boomerang.
The boomerang hits the five-headed hydra!
You kill the five-headed hydra!
Trog accepts your kill.
You have reached level 12!
Your experience leads to an increase in your attributes!
Increase (S)trength, (I)ntelligence, or (D)exterity?
You feel clever.
You feel stronger.
Your demonic ancestry asserts itself...
Thin metallic scales grow over part of your body.
Are you sure you want to abandon this character and quit the game? (Confirm with "yes".)

## ##.......###
#......... .#.
...##.....# #.........
.... . ####...#
#......... .##..
##......## ###....... ##
. #..##....# ##...... #+
###..###...# ###....
#.##.......#..## ##...
..........#...# ##..
#.......@#.>.# ###
#........#...## ##### #
#.........###.# #...#
#..........#.### ##...##
##...........#.###.....##
##.......#..............
#####..######..........
##.## ##...(..... #..#
#........#


There were no monsters in sight!

Vanquished Creatures
  Gastronok (D:8)
  A hydra (Lair:1)
  Erica (D:9)
  3 two-headed ogres
  2 unseen horrors (D:10)
  The ghost of CosmicReverie the Skirmisher, a novice MiBe of Trog (D:5)
  Joseph (D:8)
  A cane toad (Lair:1)
  A komodo dragon (Lair:1)
  A hornet (D:9)
  A polar bear (Lair:1)
  Sigmund (D:4)
  3 wyverns
  10 yaks (Lair:1)
  Edmund (D:5)
  6 water moccasins
  3 orc warriors
  4 sky beasts
  3 ogres
  3 centaurs
  8 wolves (Lair:1)
  4 phantoms
  9 bullfrogs
  4 scorpions
  5 killer bees (D:10)
  4 wights (D:8)
  4 howler monkeys
  A quasit (D:5)
  A jelly (D:6)
  A centaur zombie (D:10)
  10 hounds
  An orc priest (D:9)
  3 bullfrog skeletons
  An iguana (D:9)
  2 orc wizards
  8 worker ants
  A hound zombie (D:5)
  A hound skeleton (D:7)
  A howler monkey zombie (D:5)
  Robin (D:3)
  11 gnolls
  A worker ant zombie (D:5)
  9 adders
  3 white imps
  An ooze (D:5)
  2 adder skeletons (D:9)
  2 worms
  2 dart slugs
  5 leopard geckos
  29 orcs
  2 bats (D:1)
  7 giant cockroaches
  17 goblins
  3 hobgoblins
  6 jackals (D:7)
  3 kobolds
  A quokka (D:7)
  A ball python (D:3)
  3 frilled lizards
  A jackal skeleton (D:6)
  A jackal zombie (D:5)
  4 rats (D:1)
232 creatures vanquished.

Vanquished Creatures (collateral kills)
  A hydra (D:8)
  2 yaks (D:10)
  3 orc warriors
  An ogre (D:8)
  2 bullfrogs
  A killer bee (D:10)
  An orc priest (D:10)
  14 orcs
25 creatures vanquished.

Vanquished Creatures (others)
  An ogre (D:9)
  A bullfrog (D:9)
  A big kobold (D:9)
  A howler monkey (D:9)
  A hound (D:9)
  An orc wizard (D:9)
  A worker ant (D:9)
  A jackal (D:9)
  32 fungi
  20 plants (D:10)
60 creatures vanquished.

Grand Total: 317 creatures vanquished

Notes
Turn   | Place    | Note
-------+----------+-------------------------------------------
     0 | D:1      | knot the Demonspawn Berserker began the quest for the Orb.
     0 | D:1      | Reached XP level 1. HP: 18/18 MP: 1/1
    22 | D:1      | Reached skill level 3 in Axes
    82 | D:1      | Gained mutation: You have sharp fingernails. [demonic
                  | ancestry]
    82 | D:1      | Reached XP level 2. HP: 13/24 MP: 2/2
  1123 | D:1      | Gained mutation: You regenerate a little health from kills.
                  | [demonic ancestry]
  1123 | D:1      | Reached XP level 3. HP: 29/29 MP: 3/3
  1387 | D:2      | Reached skill level 4 in Axes
  2148 | D:3      | Found a snail-covered altar of Cheibriados.
  2157 | D:3      | Found a sparkling altar of Nemelex Xobeh.
  2208 | D:3      | Found an ornate altar of the Wu Jian Council.
  2279 | D:3      | Reached ** piety under Trog
  2281 | D:3      | Noticed Robin
  2300 | D:3      | Killed Robin
  2301 | D:3      | Reached XP level 4. HP: 35/35 MP: 4/4
  2734 | D:3      | Reached skill level 5 in Axes
  3094 | D:4      | Noticed Sigmund
  3104 | D:4      | Gained mutation: You regenerate health from kills. [demonic
                  | ancestry]
  3104 | D:4      | Reached XP level 5. HP: 41/41 MP: 5/5
  3106 | D:4      | Killed Sigmund
  3107 | D:4      | Reached skill level 6 in Axes
  3107 | D:4      | Reached XP level 6. HP: 47/47 MP: 6/6
  3294 | D:4      | Got a clouded sapphire amulet
  3327 | D:4      | Identified the amulet of Biamaum {RegenMP +Blink +Inv rElec
                  | rN+} (You found it on level 4 of the Dungeon)
  3345 | D:4      | Got a faintly glowing leather armour
  3503 | D:4      | Reached skill level 7 in Axes
  3503 | D:4      | Reached skill level 1 in Throwing
  3503 | D:4      | Gained mutation: You regenerate magic rapidly. [demonic
                  | ancestry]
  3503 | D:4      | Reached XP level 7. HP: 51/52 MP: 7/7
  3605 | D:4      | Found a sacrificial altar of Ru.
  3661 | D:5      | Entered Level 5 of the Dungeon
  3815 | D:5      | Noticed Edmund
  3836 | D:5      | Killed Edmund
  4010 | D:5      | Found a staircase to the Ecumenical Temple.
  4018 | D:5      | Reached *** piety under Trog
  4029 | Temple   | Entered the Ecumenical Temple
  4522 | D:5      | Found a radiant altar of Vehumet.
  4820 | D:5      | Found a runed translucent door.
  4831 | D:5      | Noticed CosmicReverie's ghost (novice MiBe)
  4970 | D:5      | Killed CosmicReverie's ghost
  4971 | D:5      | Reached skill level 8 in Axes
  4971 | D:5      | Gained mutation: When hurt, damage is shared between your
                  | health and your magic reserves. [demonic ancestry]
  4971 | D:5      | Reached XP level 8. HP: 58/58 MP: 8/8
  5511 | D:6      | Reached skill level 5 in Throwing
  5611 | D:6      | Reached skill level 9 in Axes
  5665 | D:6      | Found Less's Assorted Antiques.
  5671 | D:6      | Bought a viscous white potion for 22 gold pieces
  5671 | D:6      | Bought a brown potion for 22 gold pieces
  5671 | D:6      | Bought a scroll labelled NOHOISKUGUE for 25 gold pieces
  5739 | D:6      | Found a shadowy altar of Dithmenos.
  5898 | D:6      | Reached XP level 9. HP: 14/63 MP: 3/9
  6424 | D:6      | Found an ancient bone altar of Kikubaaqudgha.
  6424 | D:6      | Found a bloodstained altar of Trog.
  6729 | D:7      | Found Kiacuf's General Store.
  6917 | D:7      | Reached **** piety under Trog
  7857 | D:8      | Found an iron altar of Okawaru.
  8085 | D:8      | Found a white marble altar of Elyvilon.
  8204 | D:8      | Noticed a six-headed hydra
  8246 | D:8      | Killed a seven-headed hydra
  8247 | D:8      | Reached skill level 10 in Axes
  8271 | D:8      | Noticed Gastronok
  8292 | D:8      | Killed Gastronok
  8293 | D:8      | Reached XP level 10. HP: 70/70 MP: 10/10
  8507 | D:8      | Reached skill level 11 in Axes
  8580 | D:8      | Noticed Joseph
  8591 | D:8      | Killed Joseph
  9490 | D:6      | Identified the +5 leather armour "Iwnaemm" {rF+ Int+3
                  | Dex-2} (You found it on level 4 of the Dungeon)
  9870 | D:9      | Noticed a two-headed ogre
  9882 | D:9      | Killed a two-headed ogre
 10176 | D:9      | Paralysed by a hornet for 2 turns
 10407 | D:9      | Noticed Erica
 10433 | D:9      | Killed Erica
 10434 | D:9      | Reached skill level 10 in Throwing
 10677 | D:9      | Found a shimmering altar of Xom.
 10782 | D:10     | Entered Level 10 of the Dungeon
 10925 | D:10     | Reached skill level 12 in Axes
 10925 | D:10     | Gained mutation: You have very sharp fingernails. [demonic
                  | ancestry]
 10925 | D:10     | Reached XP level 11. HP: 75/75 MP: 9/11
 11203 | D:10     | Found a staircase to the Lair.
 11368 | D:10     | Noticed a two-headed ogre
 11389 | D:10     | Killed a two-headed ogre
 11702 | D:10     | Killed an unseen horror
 11917 | D:10     | Got a spiked leather armour
 12035 | D:10     | Killed an unseen horror
 12340 | D:10     | Noticed a two-headed ogre
 12349 | D:10     | Killed a two-headed ogre
 12511 | Lair:1   | Entered Level 1 of the Lair of Beasts
 12957 | Lair:1   | Reached skill level 13 in Axes
 13933 | Lair:1   | Noticed a five-headed hydra
 13948 | Lair:1   | Killed a five-headed hydra
 13949 | Lair:1   | Gained mutation: You are partially covered in thin metallic
                  | scales. (AC +2) [demonic ancestry]
 13949 | Lair:1   | Reached XP level 12. HP: 78/81 MP: 12/12
 13949 | Lair:1   | Quit the game

Illustrated notes

Levels and vault maps discovered:
D:1:      ebering_trefoil_3fold, layout_basic, serial_forest,
          infiniplex_forest_straight_2, infiniplex_forest_lined_1,
          infiniplex_forest_lined_room_2, infiniplex_forest_lined_4_way,
          infiniplex_forest_clump_C, infiniplex_forest_lined_3,
          infiniplex_forest_clump_cross, infiniplex_forest_clump_large,
          infiniplex_forest_straight_2
D:2:      layout_loops_cross
D:3:      layout_basic, lemuel_crystal_altar, cheibriados_altar_1,
          kennysheep_another_room, amcnicky_altar_gilded, uniq_robin
D:4:      layout_gridville, eino_small_chamber_without_monster,
          nicolae_ru_path_of_blood, uniq_sigmund
D:5:      layout_basic, old_standard_altar, minmay_temple_entry_overgrown,
          ebering_ghost_sewer_d, minmay_misc_feat_doors, uniq_edmund
D:6:      layout_basic, general_overflow_altar, amethyst_overflow_temple_binary,
          serial_shops, nicolae_shop_temple_entry_statues_fountains
D:7:      layout_layer_cave, serial_shops, shop
D:8:      minmay_distorted_concentric_squares, layout_basic, kennysheep_mini,
          basic_altar, grunt_decor_resistance, uniq_gastronok, uniq_joseph
D:9:      layout_basic, xom_confusion_cloud, special_room [special_room_orc],
          uniq_erica
D:10:     layout_roguey, grunt_lair_entry_orc_guard_hut
Temple:   oiseaux_autumnal_temple
Lair:1:   layout_cave_pods, grunt_megastairs_4

Skill      XL: |  1  2  3  4  5  6  7  8  9 10 11 |
---------------+----------------------------------+-----
Axes           | 3 4 5 6 7 8 9 10 12 13 | 13.3
Throwing       | 1 4 6 8 10 11 | 11.8
Fighting       | |  3.0
Armour         | |  1.7
Dodging        | |  1.7

Action                   |  1- 3 |  4- 6 |  7- 9 | 10-12 || total
-------------------------+-------+-------+-------+-------++-------
Melee: Hand axe          |   131 |   106 |   399 |   462 ||  1098
       War axe           |       |       |       |    63 ||    63
Throw: Dart              |       |    13 |    19 |    45 ||    77
       Stone             |       |     2 |     1 |     1 ||     4
       Throwing net      |       |       |       |     1 ||     1
       Boomerang         |       |       |       |    19 ||    19
Invok: Berserk           |     1 |     2 |     6 |    12 ||    21
       Trog's Hand       |       |     1 |       |     3 ||     4
       Brothers in Arms  |       |       |     2 |     3 ||     5
 Abil: Evoke Blink       |       |       |     2 |     3 ||     5
Evoke: Wand              |       |       |     4 |     9 ||    13
  Use: Scroll            |       |     7 |     4 |     4 ||    15
 Stab: Sleeping          |     2 |     3 |     5 |     6 ||    16
       Distracted        |       |       |     1 |     2 ||     3
       Held in net/web   |       |       |       |     1 ||     1
Armor: Animal skin       |     6 |       |       |       ||     6
       Shadow dragon sca |    75 |    62 |   220 |   351 ||   708
Dodge: Dodged            |    68 |    57 |   196 |   214 ||   535

Table legend: (Time is in decaauts)
 A = Elapsed time spent in this place.
 B = Non-inter-level travel time spent in this place.
 C = Inter-level travel time spent in this place.
 D = Time resting spent in this place.
 E = Time spent auto-exploring this place.
 F = Levels seen in this place.
 G = Mean time per level.
                   A        B        C        D        E       F      G
               +--------+--------+--------+--------+--------+-----+--------+
         Total |  13927 |  13194 |    733 |   2889 |   7986 |  12 | 1160.6 |
       Dungeon |  12216 |  11522 |    694 |   2358 |   7094 |  10 | 1221.6 |
        Temple |    315 |    277 |     38 |      0 |    276 |   1 |  315.0 |
          Lair |   1396 |   1396 |      0 |    530 |    616 |   1 | 1396.0 |
               +--------+--------+--------+--------+--------+-----+--------+

Top non-repeatable levels by time:
    D:10: 1711 daAuts
     D:8: 1522 daAuts
     D:6: 1514 daAuts
     D:1: 1399 daAuts
  Lair:1: 1396 daAuts
     D:7: 1323 daAuts
     D:5: 1263 daAuts
     D:9: 1175 daAuts
     D:3: 963 daAuts
     D:2: 746 daAuts
     D:4: 596 daAuts
  Temple: 315 daAuts
